 Dungeon Crawl Stone Soup version 0.29.1-13-g9f3cf754e1 (webtiles) character file.

Game seed: 10034776071603874468

205 shadowmeld the Magician (level 6, 0/42 HPs)
             Began as a Djinni Ice Elementalist on Feb 3, 2023.
             Slain by a phantom (2 damage)
             ... on level 4 of the Dungeon.
             The game lasted 00:16:35 (5104 turns).

shadowmeld the Magician (Djinni Ice Elementalist)   Turns: 5104, Time: 00:16:35

Health: 0/42       AC:  3    Str: 13    XL:     6   Next: 10%
Gold:   197        EV: 12    Int: 19    God:
                   SH:  0    Dex: 13

rFire   + + +      SeeInvis .   (no weapon)
rCold   . . .      Faith    .   (no shield)
rNeg    + . .      Spirit   .   a - +0 robe
rPois   ∞          Reflect  .   h - +0 helmet
rElec   .          Harm     .   (no cloak)
rCorr   .          Rampage  .   (no gloves)
Will    .....                   (boots unavailable)
Stlth   ++........              (no amulet)
HPRegen 0.14/turn               j - ring "Coite" {Drain Fly rF+ rC+ rN+}
MPRegen 0.00/turn               v - +6 ring of strength

@: wereblooded, flying
A: sickness immunity, fire resistance 2, cold vulnerability 1, float, innate
caster, HP casting, extra vitality 1
a: no special abilities


You were on level 4 of the Dungeon.
You visited 1 branch of the dungeon, and saw 4 of its levels.

You collected 197 gold pieces.

Inventory:

Missiles
 p - 3 curare-tipped darts
Armour
 a - a +0 robe (worn)
 b - a +0 scale mail of willpower
 h - a +0 helmet (worn)
Jewellery
 j - the ring "Coite" (left hand) {Drain Fly rF+ rC+ rN+}
   (You found it on level 2 of the Dungeon)

   [ring of flight]

   rF:        It protects you from fire.
   rC:        It protects you from cold.
   rN:        It protects you from negative energy.
   Fly:       It grants you flight.
   Drain:     It drains your maximum health when unequipped.
 v - a +6 ring of strength (right hand)
Scrolls
 e - 3 scrolls of vulnerability {unknown}
 f - a scroll of blinking {unknown}
 g - a scroll of fog {unknown}
 i - a scroll of identify {unknown}
 k - 4 scrolls of summoning {unknown}
 l - a scroll of teleportation {unknown}
 m - 5 scrolls of enchant armour {unknown}
 r - a scroll of enchant weapon {unknown}
 t - a scroll of fear {unknown}
 w - a scroll of amnesia {unknown}
Potions
 c - 2 potions of berserk rage {unknown}
 d - 3 potions of curing {unknown}
 n - a potion of mutation {unknown}
 o - a potion of heal wounds {unknown}
 q - a potion of haste {unknown}
 s - a potion of attraction {unknown}
 u - a potion of might {unknown}


   Skills:
 * Level 1.2 Fighting
 * Level 2.6 Dodging
 - Level 1.5 Stealth
 * Level 5.1 Spellcasting


You had one spell level left.
You knew the following spells:

 Your Spells              Type           Power      Damage    Failure   Level
a - Freeze                Ice            96%        1d11      1%          1
b - Frozen Ramparts       Ice            48%        1d8       4%          3
c - Ozocubu's Armour      Ice            24%        N/A       4%          3
d - Hailstorm             Conj/Ice       24%        3d7       14%         4
e - Beastly Appendage     Tmut           48%        N/A       1%          1
f - Wereblood             Tmut           24%        N/A       2%          2
Your spell library was empty.

Dungeon Overview and Level Annotations

Branches:
Dungeon (4/15)
 Temple: D:4-7

Altars:
Cheibriados
Gozag
Trog


Innate Abilities, Weirdness & Mutations

You are immune to sickness and miasma.
You are immune to poison.
Your flesh is very heat resistant. (rF++)
You are vulnerable to cold. (rC-)
You float through the air rather than walking.
You learn spells naturally, not from books.
Your magical power is your life essence.
You have superior vitality. (+4 MHP)


Message History

The phantom is moderately damaged.
The phantom barely misses you.
You closely miss the phantom.
The phantom is moderately damaged.
The phantom hits you.
You barely miss the phantom.
The phantom is moderately damaged.
The phantom hits you but does no damage.
You hit the phantom.
The phantom is heavily damaged.
The phantom hits you.
* * * LOW HITPOINT WARNING * * *
You hit the phantom but do no damage.
The phantom is heavily damaged.
The phantom hits you.
* * * LOW HITPOINT WARNING * * *
The phantom blinks!
You blink.
You hit the phantom.
The phantom is heavily damaged.
The phantom misses you.
You hit the phantom but do no damage.
The phantom is heavily damaged.
The phantom hits you but does no damage.
You closely miss the phantom.
The phantom is heavily damaged.
The phantom barely misses you.
You closely miss the phantom.
The phantom is heavily damaged.
The phantom closely misses you.
You hit the phantom.
The phantom is heavily damaged.
The phantom hits you!
* * * LOW HITPOINT WARNING * * *
The phantom blinks!
You blink.
Casting: Freeze (safe; 1% risk of failure)
Confirm with . or Enter, or press ? or * to list all spells.
Your blood is infused with primal strength.
* * * LOW HITPOINT WARNING * * *
The phantom hits you.
You die...

########...#.####.#.#.#
##.##........#.#
#.##....:.###.# #.######### #.#
##'## #.# #. ##...## ###.###
##.###### ##.....#######.....#
........###.....W..........#.#
##....#.##.....@...#.........#
.........'........§+.......#.#
##...#.##.........#.##......#
.###..##.###.......##>.....##.#
.........# ##......##..###.##.#
.###.##### ##...#.##..###.##.#
#.# ##+##.<.......##.# #.#
#.#####.........# #.# #.#
##.########


You could see a phantom.

Vanquished Creatures
  Terence (D:2)
  An iguana (D:3)
  7 adders
  2 worms (D:2)
  A dart slug (D:2)
  5 orcs
  6 ball pythons
  9 bats
  7 endoplasms
  2 giant cockroaches (D:1)
  4 goblins
  8 hobgoblins
  6 jackals
  7 kobolds
  A quokka (D:2)
  5 frilled lizards
  4 rats
76 creatures vanquished.

Notes
Turn   | Place    | Note
-------+----------+-------------------------------------------
     0 | D:1      | shadowmeld the Djinni Ice Elementalist began the quest for
                  | the Orb.
     0 | D:1      | shadowmeld set off with the following spells memorised:
                  | Freeze, Frozen Ramparts, Ozocubu's Armour, Hailstorm.
     0 | D:1      | Reached XP level 1. HP: 15/15 MP: 0/0
   327 | D:1      | Reached XP level 2. HP: 18/21 MP: 0/0
  1024 | D:1      | Found a faded altar of an unknown god.
  1197 | D:1      | Reached XP level 3. HP: 21/26 MP: 0/0
  1197 | D:1      | Learned a level 1 spell: Beastly Appendage
  1497 | D:2      | Reached skill level 4 in Spellcasting
  2022 | D:2      | Reached XP level 4. HP: 29/31 MP: 0/0
  2024 | D:2      | Identified the ring "Coite" {Drain Fly rF+ rC+ rN+}
  2859 | D:2      | Reached skill level 1 in Fighting
  3091 | D:2      | Noticed Terence
  3096 | D:2      | Killed Terence
  3097 | D:2      | Reached XP level 5. HP: 33/37 MP: 0/0
  3097 | D:2      | Learned a level 2 spell: Wereblood
  3647 | D:3      | Found a snail-covered altar of Cheibriados.
  3651 | D:3      | Found a bloodstained altar of Trog.
  3651 | D:3      | Found an opulent altar of Gozag.
  3967 | D:3      | Reached skill level 5 in Spellcasting
  4407 | D:3      | Reached XP level 6. HP: 39/42 MP: 0/0
  5104 | D:4      | Slain by a phantom

Illustrated notes

Levels and vault maps discovered:
D:1:      elethiomel_arrival_quiet, layout_loops_corners,
          shapermc_ecumenical_altar_rom_forum, serial_aquarium,
          aquarium_bridge_island_small [aquarium_subvault_small_water,
          aquarium_subvault_wall, aquarium_subvault_balcony,
          aquarium_subvault_bridge, aquarium_subvault_wall],
          aquarium_window_corner, aquarium_window_1, aquarium_window_corner,
          aquarium_view_2b
D:2:      layout_basic, minmay_tetromino_s4, uniq_terence
D:3:      layout_basic, minitemple, minmay_circle_x
D:4:      layout_loops_corners, elyvilon_altar_5, minmay_distorted, uniq_duvessa

Skill      XL: |  1  2  3  4  5 |
---------------+----------------+-----
Spellcasting   | 4 5 |  5.1
Fighting       | 1 |  1.2
Dodging        | |  2.6
Stealth        | |  1.5

Action                   |  1- 3 |  4- 6 || total
-------------------------+-------+-------++-------
Melee: Unarmed           |       |    17 ||    17
 Cast: Freeze            |    45 |    90 ||   135
       Frozen Ramparts   |       |     1 ||     1
       Wereblood         |       |     1 ||     1
Armor: Robe              |     8 |    16 ||    24
Dodge: Dodged            |    23 |    58 ||    81
